Map: Daybreak LE (Void)

Players

MCMC (MC) - Winner!

  • Race: Protoss Protoss
  • Spawn Location: 1:00

Stephano

  • Race: Zerg Zerg
  • Spawn Location: 7:00

Event: Gamers8 2023

VOD

Have the link to the VOD?

Description

Time

  • Played on: Aug. 5, 2023, 9:33 a.m.
  • Length: 15:04

All games in this series

Show
View Real Time Build Order
Export as new Build Order

MCMC Protoss - Winner!

Build Orders: 1 Gate Expand, Oracle Opening, Carriers 

Get SALT Encoding   

  12  0:00  Probe  
  13  0:12  Probe  
  14  0:18  Pylon  
  14  0:24  Probe (Chrono Boost)  
  15  0:36  Probe (Chrono Boost)  
  15  0:39  Gateway  
  16  0:45  Probe (Chrono Boost)  
  17  0:50  Assimilator  
  17  0:51  Probe  
  18  1:03  Probe  
  19  1:15  Probe  
  20  1:27  Nexus  
  20  1:36  Cybernetics Core  
  21  1:40  Probe  
  21  1:46  Assimilator  
  21  1:52  Probe  
  22  1:54  Pylon  
  22  2:04  Probe (Chrono Boost)  
  23  2:09  Adept (Chrono Boost)  
  25  2:16  Probe (Chrono Boost)  
  26  2:24  Probe (Chrono Boost), Stargate  
  27  2:31  Probe (Chrono Boost)  
  27  2:32  Adept  
  27  2:35  Warp Gate  
  30  2:40  Probe (Chrono Boost)  
  32  2:48  Probe (Chrono Boost)  
  32  2:50  Probe (Chrono Boost)  
  33  2:55  Probe x2 (Chrono Boost)  
  35  3:02  Adept  
  37  3:06  Probe  
  37  3:07  Probe  
  39  3:16  Void Ray (Chrono Boost)  
  39  3:19  Pylon  
  43  3:22  Probe x2  
  45  3:34  Gateway, Probe  
  46  3:37  Probe  
  46  3:38  Adept  
  49  3:46  Oracle, Probe  
  53  3:50  Pylon  
  53  3:52  Probe  
  54  4:03  Pylon  
  54  4:08  Probe x2  
  56  4:20  Probe  
  56  4:21  Probe  
  57  4:28  Adept  
  57  4:29  Adept  
  57  4:32  Probe  
  57  4:33  Nexus, Probe  
  57  4:38  Shield Battery  
  59  4:39  Twilight Council  
  59  4:41  Forge  
  59  4:44  Probe  
  59  4:45  Probe  
  61  4:46  Protoss Ground Weapons Level 1  
  61  4:50  Assimilator x2  
  61  4:58  Stalker x2  
  65  5:01  Probe  
  65  5:02  Pylon  
  65  5:04  Probe  
  67  5:07  Blink (Chrono Boost)  
  67  5:13  Probe  
  68  5:16  Probe  
  68  5:19  Pylon  
  69  5:26  Probe  
  69  5:28  Probe  
  70  5:38  Stalker x2, Probe  
  70  5:40  Probe  
  76  5:48  Gateway  
  75  5:50  Probe  
  75  5:51  Gateway x2  
  75  5:52  Probe  
  75  5:56  Probe  
  78  6:02  Probe  
  79  6:04  Probe  
  79  6:08  Probe, Stalker x2  
  85  6:14  Robotics Facility, Probe  
  85  6:16  Probe  
  87  6:20  Pylon  
  87  6:21  Probe  
  88  6:25  Pylon  
  88  6:26  Probe  
  88  6:27  Assimilator  
  88  6:28  Assimilator, Probe  
  90  6:33  Probe  
  90  6:35  Stalker x2  
  90  6:39  Probe  
  96  6:40  Probe  
  96  6:45  Probe  
  96  6:46  Charge  
  98  6:47  Fleet Beacon  
  98  6:48  Stargate  
  98  6:51  Protoss Ground Weapons Level 2  
  98  6:58  Pylon  
  98  6:59  Pylon  
  98  7:04  Observer  
  99  7:13  Stalker x3  
  105  7:15  Protoss Air Weapons Level 1  
  105  7:21  Stalker x2  
  105  7:35  Carrier (Chrono Boost)  
  99  7:42  Zealot x3  
  107  7:46  Carrier (Chrono Boost)  
  111  7:57  Zealot x2  
  115  8:01  Gateway  
  115  8:03  Stalker x3  
  115  8:04  Gateway  
  115  8:05  Gateway  
  121  8:17  Stalker x2  
  125  8:22  Shield Battery  
  125  8:31  Zealot x3  
  127  8:38  Carrier (Chrono Boost)  
  127  8:40  Probe x3  
  130  8:42  Pylon  
  130  8:44  Pylon  
  130  8:58  Pylon  
  130  8:59  Carrier (Chrono Boost)  
  136  9:07  Nexus  
  136  9:09  Pylon  
  136  9:10  Templar Archives  
  136  9:17  Shield Battery  
  136  9:18  Photon Cannon, Zealot x2  
  136  9:19  Photon Cannon  
  140  9:24  Zealot  
  140  9:25  Zealot  
  144  9:34  Carrier (Chrono Boost)  
  144  9:38  Psionic Storm  
  150  9:46  High Templar x3  
  150  9:47  High Templar  
  150  9:48  Zealot x3  
  164  9:56  Photon Cannon  
  164  10:10  Photon Cannon  
  164  10:15  Pylon, Carrier (Chrono Boost)  
  164  10:16  Pylon  
  164  10:19  Pylon  
  167  10:30  Carrier (Chrono Boost)  
  167  10:32  Stalker  
  175  10:38  Protoss Ground Weapons Level 3 (Chrono Boost)  
  175  10:50  Zealot x5  
  175  10:56  Zealot x2  
  185  11:04  Archon  
  185  11:08  Zealot  
  179  11:14  Stalker x5  
  185  11:21  Stalker x2  
  185  11:25  Pylon  
  183  11:28  Photon Cannon  
  183  11:32  Shield Battery x2  
  183  11:40  High Templar x2  
  183  11:41  Zealot x2, High Templar x2  
  183  11:44  Archon  
  135  12:03  Stalker x4  
  115  12:17  Stalker x4  
  121  12:33  Zealot x4  
  129  12:41  Stalker x4  
  129  12:43  Gateway  
  137  12:47  Gateway  
  137  12:51  Probe  
  137  12:52  Assimilator x2, Probe x3  
  135  13:01  Stalker x4  
  135  13:03  Probe  
  135  13:04  High Templar  
  135  13:05  High Templar  
  148  13:06  Zealot, High Templar  
  152  13:26  Stalker x3  
  152  13:27  Stalker x2  
  156  13:41  Stalker x3  
  156  13:42  Stalker x2  
  162  13:55  High Templar x2  
  162  13:56  Stalker x3  
  169  14:04  Nexus  
  165  14:14  Pylon  
  164  14:18  Archon  
  164  14:19  Archon  
  164  14:24  Stalker x7  
  162  14:34  Stalker x3  
  162  14:38  Shield Battery  
  146  14:48  High Templar x4  
  146  14:49  Zealot x2  
Show
View Real Time Build Order
Export as new Build Order

Stephano Zerg 

Build Orders: Hatch First 

Get SALT Encoding   

  12  0:00  Drone  
  13  0:12  Overlord  
  13  0:17  Drone  
  14  0:30  Drone x2  
  16  0:49  Hatchery  
  15  0:52  Drone  
  15  0:56  Drone  
  17  0:59  Drone  
  18  1:10  Extractor  
  17  1:15  Spawning Pool  
  16  1:18  Drone  
  16  1:21  Drone  
  18  1:31  Drone  
  19  1:40  Drone  
  20  1:50  Drone  
  21  2:02  Queen x2  
  21  2:03  Zergling x2, Drone  
  27  2:13  Drone  
  27  2:14  Overlord  
  28  2:29  Metabolic Boost  
  28  2:32  Drone  
  28  2:33  Hatchery  
  28  2:35  Drone  
  29  2:42  Queen  
  31  2:45  Drone  
  31  2:48  Drone  
  33  2:52  Overlord  
  33  2:55  Zergling x2  
  33  2:57  Drone  
  35  3:01  Drone  
  36  3:10  Drone  
  36  3:11  Drone x3  
  36  3:12  Drone  
  41  3:17  Overlord, Drone  
  42  3:26  Zergling x4  
  44  3:34  Extractor  
  44  3:35  Queen  
  44  3:39  Queen, Drone x2  
  50  3:41  Overlord  
  50  3:43  Zergling x2  
  50  3:48  Zergling x2  
  52  3:49  Drone x3  
  55  3:58  Drone x3  
  58  4:03  Queen  
  58  4:05  Overlord  
  58  4:09  Drone x4  
  64  4:12  Overlord  
  61  4:28  Zergling x6  
  61  4:29  Drone x3  
  65  4:33  Drone x3  
  68  4:39  Lair  
  68  4:40  Spore Crawler x2  
  68  4:42  Extractor  
  68  4:43  Extractor  
  68  4:45  Roach Warren  
  63  4:46  Evolution Chamber  
  62  4:55  Zergling x8  
  66  5:00  Drone x2  
  66  5:01  Drone  
  66  5:03  Drone x3  
  66  5:04  Drone  
  66  5:06  Hatchery  
  72  5:08  Drone  
  72  5:09  Overlord  
  72  5:11  Overlord  
  72  5:13  Drone  
  74  5:14  Overlord  
  74  5:19  Overlord  
  74  5:21  Overlord  
  73  5:33  Drone x2  
  73  5:34  Drone x3  
  77  5:36  Overlord  
  77  5:41  Overlord, Drone  
  77  5:42  Overlord  
  78  5:43  Extractor, Glial Reconstitution  
  78  5:44  Zerg Missile Weapons Level 1  
  78  5:46  Drone x3  
  80  5:55  Overlord  
  80  5:56  Drone x3  
  82  5:58  Roach x4  
  89  6:06  Baneling Nest  
  89  6:07  Extractor x2, Evolution Chamber, Drone x2  
  89  6:11  Roach x3  
  93  6:14  Overlord  
  93  6:15  Zergling x4  
  95  6:20  Zergling x6  
  95  6:23  Ravager x2  
  100  6:27  Drone x3  
  100  6:28  Drone x4  
  100  6:31  Overseer  
  107  6:39  Zergling x2  
  110  6:40  Zergling x10  
  112  6:49  Zergling x8  
  116  6:57  Ravager x3  
  116  6:59  Zergling x18  
  116  7:01  Zerg Melee Weapons Level 1  
  128  7:04  Hatchery  
  126  7:12  Zergling x16  
  128  7:24  Zergling x20  
  128  7:29  Centrifugal Hooks  
  135  7:34  Roach x5  
  140  7:38  Zergling x2  
  140  7:42  Spire  
  134  7:47  Zergling x8  
  134  7:49  Drone x6  
  134  7:50  Extractor x2  
  142  7:53  Drone x3  
  142  7:56  Zerg Ground Armor Level 1  
  139  7:59  Drone x4  
  139  8:03  Queen  
  140  8:06  Drone x3  
  140  8:10  Drone x4  
  145  8:14  Baneling x7  
  145  8:16  Overlord  
  143  8:25  Drone x8  
  134  8:43  Roach x4  
  134  8:44  Roach x4, Overlord x4  
  134  8:47  Zergling x4  
  134  8:48  Zergling x8  
  150  8:55  Spore Crawler  
  150  8:57  Ravager x4  
  150  9:02  Spore Crawler  
  150  9:04  Corruptor  
  150  9:05  Corruptor x4  
  161  9:11  Corruptor x2  
  161  9:14  Ravager x4  
  161  9:16  Baneling x4  
  161  9:17  Baneling x2  
  169  9:32  Corruptor x2  
  169  9:33  Overlord  
  169  9:34  Overlord x2  
  169  9:35  Zergling x30  
  187  9:49  Zerg Flyer Weapons Level 1, Corruptor  
  187  9:50  Infestation Pit, Overseer  
  188  9:52  Corruptor  
  188  9:53  Corruptor  
  188  9:54  Spore Crawler  
  188  9:55  Zergling x8, Spore Crawler  
  188  9:57  Spore Crawler  
  193  10:05  Corruptor x2  
  194  10:07  Corruptor  
  195  10:14  Pneumatized Carapace  
  195  10:19  Zergling x8  
  199  10:33  Baneling  
  199  10:34  Baneling x11  
  199  10:49  Zergling x2  
  197  11:03  Zergling x20  
  198  11:10  Zergling x44  
  198  11:17  Roach x2  
  198  11:18  Zergling x6  
  198  11:25  Zergling x28  
  193  11:28  Baneling x14  
  193  11:30  Baneling x18  
  185  11:32  Extractor  
  185  11:33  Hive  
  185  11:35  Zergling x14  
  191  11:44  Roach x4  
  173  11:59  Zergling x24  
  146  12:02  Corruptor  
  146  12:03  Corruptor x2  
  146  12:07  Corruptor x2  
  140  12:13  Corruptor  
  137  12:19  Extractor  
  137  12:21  Corruptor x5  
  143  12:23  Queen  
  143  12:27  Zergling x14  
  143  12:43  Corruptor x3  
  146  12:45  Zergling x4  
  146  12:46  Zergling x2  
  149  12:58  Greater Spire  
  149  12:59  Baneling x9  
  149  13:00  Zergling x4  
  151  13:12  Hatchery  
  150  13:25  Ravager x4  
  150  13:26  Ravager  
  155  13:32  Baneling x3  
  155  13:33  Baneling  
  151  13:45  Zergling x32  
  165  13:58  Roach x6  
  174  14:07  Zergling x2  
  174  14:08  Zergling x14  
  181  14:10  Baneling x4  
  134  14:24  Zergling x12  
  134  14:25  Zergling x6  
  134  14:37  Zergling x8  
  121  14:44  Roach  
  121  14:45  Roach x7  
Tags
 
Add a new tag
Caveats
  • Supply blocks, unpowered buildings, or Contaminate may cause inaccurate times.
  • Supply counts are checked every 10 seconds.